 Dungeon Crawl Stone Soup version 0.28.0-53-g5a82cb258f (webtiles) character file.

Game seed: 7805925406360300454

174 Descartes the Basher (level 5, -1/46 (53) HPs)
             Began as a Troll Chaos Knight on July 31, 2022.
             Was a Plaything of Xom.
             Killed by divine providence
             ... invoked by an orc priest
              (12 damage)
             ... on level 3 of the Dungeon.
             The game lasted 00:03:25 (1543 turns).

Descartes the Basher (Troll Chaos Knight)           Turns: 1543, Time: 00:03:25

HP:   -1/46 (53)    AC:  6    Str: 19 (20) XL:     5   Next: 28%
MP:   4/4           EV:  9    Int: 10      God:    Xom [*.....]
Gold: 44            SH:  0    Dex:  9      Spells: 4/4 levels left

rFire   . . .      SeeInvis .   a - +0 mace (chaos)
rCold   + . .      Faith    .   (no shield)
rNeg    . . .      Spirit   .   b - +2 robe
rPois   .          Reflect  .   (helmet restricted)
rElec   .          Harm     .   (no cloak)
rCorr   .          Rampage  .   (gloves unavailable)
Will    .....                   (boots unavailable)
Stlth   +.........              (no amulet)
HPRegen 0.95/turn               d - ring of protection from cold
MPRegen 0.09/turn               (no ring)

@: heavily drained
A: large, unfitting armour, claws 3, regeneration 1, shaggy fur 1, tough skin 1
a: Renounce Religion


You were on level 3 of the Dungeon.
You worshipped Xom.
You were a special plaything of Xom.
You visited 1 branch of the dungeon, and saw 3 of its levels.

You collected 44 gold pieces.

Inventory:

Hand Weapons
 a - a +0 mace of chaos (weapon)
Missiles
 i - 3 datura-tipped darts (quivered)
 j - 4 poisoned darts
Armour
 b - a +2 robe (worn)
 p - a +2 cloak
Jewellery
 d - a ring of protection from cold (left claw)
Scrolls
 c - a scroll of fog {unknown}
 e - a scroll of noise {unknown}
 g - a scroll of identify {unknown}
 k - a scroll of enchant weapon {unknown}
 l - a scroll of vulnerability {unknown}
 n - 2 scrolls of teleportation {unknown}
Potions
 f - a potion of heal wounds {unknown}
 h - a potion of degeneration {unknown}
 m - a potion of ambrosia {unknown}
 o - a potion of curing {unknown}


   Skills:
 + Level 3.3 Fighting
 + Level 10.3 Maces & Flails
 - Level 1.9 Dodging


You had 4 spell levels left.
You didn't know any spells.
Your spell library contained the following spells:

 Spells                   Type           Power      Damage    Failure   Level
 Magic Dart               Conj           0%         1d3       36%         1
 Slow                     Hex            0%         N/A       36%         1
 Call Imp                 Summ           0%         N/A       50%         2
 Confusing Touch          Hex            0%         N/A       75%         3
 Mephitic Cloud           Conj/Pois/Air  0%         N/A       75%         3
 Vampiric Draining        Necr           0%         2d6       75%         3


Dungeon Overview and Level Annotations

Branches:
Dungeon (3/15)

Altars:

Shops:
D:1 [


Innate Abilities, Weirdness & Mutations

You are too large for most types of armour.
You have claws for hands.
Your natural rate of healing is unusually fast.
You are covered in fur. (AC +1)
You have tough skin. (AC +1)


Message History

You closely miss something.
The orc shouts!
You hear a shout!
Something hits you but does no damage. The orc hits you but does no damage.
The orc hits you with a +0 war axe.
You hit something but do no damage.
Reactivating autopickup.
You feel a bit more experienced. The orc closely misses you.
The orc hits you with a +0 short sword.
You sock the orc! You burn the orc.
You kill the orc!
The orc hits you but does no damage. The orc closely misses you.
The orc priest invokes the aid of Beogh against you.
Pain shoots through your body! The orc hits you but does no damage.
You see here a +0 short sword.
You hit the orc priest but do no damage.
The orc priest hits you with a +0 club. The orc hits you with a +0 dagger.
The orc hits you with a +0 war axe.
You hit the orc priest but do no damage.
The orc hits you with a +0 dagger. The orc priest hits you with a +0 club.
The orc closely misses you.
Unknown command.
You barely miss the orc priest. The orc hits you but does no damage.
The orc priest hits you but does no damage.
The orc misses you. The orc hits you with a +0 war axe.
* * * LOW HITPOINT WARNING * * *
Unknown command.
You hit the orc priest but do no damage.
The orc priest flickers and vanishes!
Deactivating autopickup; reactivate with Ctrl-A.
The orc hits you with a +0 hand axe.
* * * LOW HITPOINT WARNING * * *
You hear something invoke the aid of Beogh against you.
Pain shoots through your body!
* * * LOW HITPOINT WARNING * * *
The orc barely misses you.
An orc comes into view. It is wielding a +0 dagger.
You hear something mumble some strange prayers to Beogh against you.
Beogh smites you!
You die...

.# .#.... o.#
...... #.##......
#.........
###........#
.....!....#
#o{......#
#oo$.....#.
#.@........
###.......#
#.......###
......##)##...#####
....####.##........
...................
...................
...........<.......
..................


You could see 4 orcs.

Vanquished Creatures
  An orc priest (D:3)
  3 adders (D:2)
  3 worms
  An orc (D:3)
  4 endoplasms (D:1)
  A giant cockroach (D:1)
  7 goblins
  A hobgoblin (D:1)
  8 jackals
  3 kobolds
  5 quokkas
  6 ball pythons
  4 bats
  3 frilled lizards
  3 rats
53 creatures vanquished.

Notes
Turn   | Place    | Note
-------+----------+-------------------------------------------
     0 | D:1      | Descartes the Troll Chaos Knight began the quest for the
                  | Orb.
     0 | D:1      | Reached XP level 1. HP: 22/22 MP: 0/0
   113 | D:1      | XOM: potion effect (might)
   115 | D:1      | Reached skill level 3 in Maces & Flails
   117 | D:1      | Reached XP level 2. HP: 27/29 MP: 1/1
   152 | D:1      | Found Folesh's Antique Armour Shoppe.
   290 | D:1      | XOM: divination: magic mapping
   507 | D:2      | Reached XP level 3. HP: 32/37 MP: 2/2
   572 | D:2      | XOM: silly message
   578 | D:2      | XOM: potion effect (experience)
   578 | D:2      | Reached skill level 10 in Maces & Flails
   578 | D:2      | Reached XP level 4. HP: 42/45 MP: 3/3
   583 | D:2      | XOM: divination: detect creatures
   876 | D:2      | XOM: 1-stop teleportation journey
  1067 | D:2      | Identified the +5 chain mail of Filth {Drain rPois rF+}
  1094 | D:2      | Reached XP level 5. HP: 53/53 MP: 4/4
  1285 | D:2      | XOM: draining
  1297 | D:2      | XOM: silly message
  1324 | D:2      | Found a faded altar of an unknown god.
  1363 | D:2      | XOM: stat loss: -1 Str (19/20)
  1525 | D:3      | XOM: blink monster(s)
  1543 | D:3      | Killed from afar by an orc priest

Illustrated notes

Levels and vault maps discovered:
D:1:      tarquinn_simple_flora_water_d, layout_basic, serial_shops,
          nicolae_shop_stone
D:2:      layout_basic, dreamdust_ecumenical_altar_angels_and_demons,
          grunt_ministairs_2, minmay_pentomino_r4
D:3:      layout_rooms, nicolae_overflow_ecumenical_swirl,
          kennysheep_decorative_pillar

Skill      XL: |  1  2  3 |
---------------+----------+-----
Maces & Flails | 3 10 | 10.3
Fighting       | 3 |  3.3
Dodging        | |  1.9

Action                   |  1- 3 |  4- 6 || total
-------------------------+-------+-------++-------
Melee: Mace              |    86 |    79 ||   165
       Punch             |     1 |       ||     1
 Stab: Paralysed         |     1 |       ||     1
       Confused          |     1 |       ||     1
Armor: Robe              |    59 |    38 ||    97
Dodge: Dodged            |    66 |    34 ||   100
